Punishers vs Patriotes

Created - January 16, 2018 at 19:01

Goals
1 2 3 OT1 T
Punishers 1 0 1 1 3
Patriotes 2 0 0 0 2
Shots
1 2 3 OT1 T
Punishers 13 8 8 1 30
Patriotes 21 11 7 0 39

1st period

1. Patriotes , Zenon Konopka 10 (Justin Florek 14, Matt Calvert 12) at 8:23
2. Punishers , David Laliberté 20 (Zack Hamill 15, Robbie Earl 37) at 15:59 (PP)
3. Patriotes , Christian Hanson 16 (Timothy Kunes 21) at 17:18

Penalties :
Matt Calvert (Nyc) for Tripping (Minor) at 15:53, Aaron Ness (Nyc) for Roughing (Minor) at 19:18

2nd period

No Goal

Penalties :
Patrick Wiercioch (Pro) for Hooking (Minor) at 10:31, Damon Severson (Pro) for Hooking (Minor) at 16:56

3rd period

4. Punishers , Tanner Glass 10 (Miikka Salomaki 4, Luke Adam 12) at 11:34 (PP)

Penalties :
Stefan Elliott (Pro) for High sticking (Minor) at 0:29, Justin Florek (Nyc) for Hooking (Minor) at 10:28, Stefan Elliott (Pro) for High sticking (Minor) at 13:04

Overtime #1

5. Punishers , Tanner Glass 11 (Zack Hamill 16, Stefan Elliott 16) at 0:40

Penalties :
No Penalty

Goalie Stats

Niklas Svedberg (Pro), 37 saves from 39 shots - (0.949), W, 14-14-6, 60:40 minutes
Andrei Vasilevskiy (Nyc), 27 saves from 30 shots - (0.900), OTL, 4-10-2, 60:40 minutes

Players Stats for Punishers

Player Name              G  A  P  +/- PIM S  H  SB GA TA FO     MP     PP MP  PK MP  
------------------------------------------------------------------------------------
Aaron Palushaj           0  0  0   0  0   3  1  0  0  0  0/0    10:26   0:00   0:00 
Boone Jenner             0  0  0   0  0   1  0  0  0  0  3/5     7:32   0:00   0:00 
Carter Ashton            0  0  0   0  0   0  1  0  0  0  0/0     7:32   0:00   0:00 
Casey Cizikas            0  0  0   0  0   2  0  1  1  0  2/3    10:55   0:00   0:29 
Colton Gillies           0  0  0   0  0   1  0  0  0  1  0/2    10:26   0:00   0:00 
Damon Severson           0  0  0   1  2   0  4  3  1  1  0/0    26:25   2:47   3:43 
David Laliberté          1  0  1   0  0   5  3  2  1  0  0/3    17:53   1:45   0:00 
Dylan DeMelo             0  0  0  -2  0   0  1  3  0  0  0/0    17:33   0:00   3:12 
Erik Nystrom             0  0  0   0  0   0  1  0  0  0  0/0     9:24   0:00   1:44 
Jordan Schmaltz          0  0  0   0  0   1  0  2  0  0  0/0    18:23   0:24   2:43 
Luke Adam                0  1  1  -1  0   2  0  0  1  0  7/16   17:35   1:26   2:17 
Miikka Salomaki          0  1  1  -2  0   0  1  0  1  0  2/2    15:23   1:26   0:00 
Oscar Sundqvist          0  0  0   0  0   0  0  0  0  0  0/0     0:23   0:00   0:00 
Patrick Wiercioch        0  0  0   0  2   3  0  0  0  0  0/0    18:10   0:24   2:43 
Quinton Howden           0  0  0   0  0   0  0  0  0  0  0/0     0:23   0:00   0:00 
Radek Faksa              0  0  0   0  0   0  0  0  0  0  0/0     2:02   0:00   1:37 
Robbie Earl              0  1  1   0  0   3  1  2  0  2  1/2    22:50   1:45   3:55 
Stefan Elliott           0  1  1   1  4   1  0  4  0  2  0/0    25:57   2:47   2:27 
Tanner Glass             2  0  2  -1  0   6  0  0  0  0  0/0    17:35   1:26   2:17 
Trevor Van Riemsdyk      0  0  0  -2  0   0  0  1  1  1  0/0    15:03   0:00   0:42 
Zack Hamill              0  2  2   0  0   2  2  0  0  0  10/29  22:50   1:45   3:55 

Players Stats for Patriotes

Player Name              G  A  P  +/- PIM S  H  SB GA TA FO     MP     PP MP  PK MP  
------------------------------------------------------------------------------------
Aaron Ness               0  0  0   1  2   1  5  0  0  1  0/0    13:54   0:00   0:00 
Alex Petrovic            0  0  0   1  0   2  1  1  0  2  0/0    13:46   0:00   0:00 
Andrew Gordon            0  0  0   0  0   4  1  0  3  1  5/9    18:08   4:05   2:21 
Anthony Bitetto          0  0  0  -1  0   3  1  2  0  1  0/0    20:04   2:57   0:31 
Austin Watson            0  0  0   0  0   1  0  1  0  0  0/0    11:43   0:00   0:00 
Christian Hanson         1  0  1   1  0   3  1  0  0  0  16/24  22:44   4:05   2:42 
David Kolomatis          0  0  0  -1  0   3  1  1  1  0  0/0    20:04   2:57   0:31 
Emerson Etem             0  0  0   0  0   6  2  0  0  0  0/0    11:59   0:00   0:21 
Evgeny Kuznetsov         0  0  0   0  0   0  0  0  0  0  0/0     0:13   0:00   0:00 
Jared Knight             0  0  0   0  0   1  0  0  0  0  6/10   10:22   0:00   0:00 
Justin Florek            0  1  1   1  2   1  4  0  0  0  1/1    14:58   3:51   0:00 
Mark Stone               0  0  0   0  0   2  1  0  0  0  5/8    15:49   0:00   0:00 
Matt Calvert             0  1  1   1  2   3  0  0  1  0  0/0    20:06   4:05   0:29 
Phil McRae               0  0  0  -1  0   2  0  1  0  0  1/4    11:28   0:00   0:00 
Riley Barber             0  0  0   0  0   0  0  0  0  0  0/0     0:00   0:00   0:00 
Robbie Russo             0  0  0   0  0   0  0  0  0  0  0/0     0:00   0:00   0:00 
Robert Baillargeon       0  0  0   0  0   0  0  0  0  0  0/0     0:00   0:00   0:00 
Ryan Wilson              0  0  0   1  0   1  2  2  1  0  0/0    26:50   4:59   2:40 
Scott Glennie            0  0  0   0  0   0  0  0  0  0  0/0     0:14   0:00   0:00 
Timothy Kunes            0  1  1   1  0   1  2  2  1  0  0/0    26:50   4:59   2:40 
Tyler Randell            0  0  0   1  0   1  3  0  0  1  0/1    15:36   3:51   0:29 
Vince Hinostroza         0  0  0   0  0   0  1  0  0  0  0/1     9:55   0:00   0:00 
Zenon Konopka            1  0  1   1  0   4  3  0  0  0  3/4    14:43   3:51   0:00 

3 Stars

1 - Niklas Svedberg (Pro)
2 - Tanner Glass (Pro)
3 - David Laliberté (Pro)

Power Play

Punishers - 2 on 3 Attempt(s) - 66.67%
Patriotes - 0 on 4 Attempt(s) - 0.00%

Penalty Kill

Punishers - 4 on 4 Attempt(s) - 100.00% - Score 0 goal in Penalty Kill
Patriotes - 1 on 3 Attempt(s) - 33.33% - Score 0 goal in Penalty Kill

Team Stat

Punishers - Hits : 15 - Faceoff Wins : 25 - Blocked Shots : 18 - Penalty Minutes : 8
Patriotes - Hits : 28 - Faceoff Wins : 37 - Blocked Shots : 10 - Penalty Minutes : 6

Official

Referees : Furlatt Eric and Pochmara Brian
Linesman : Steve Barton and Ryan Galloway

Game Notes

No Game Note

Finance

Level 1 -- Attendance: 1559 (77.95%) -- Ticket Income $62,360
Level 2 -- Attendance: 649 (64.90%) -- Ticket Income $12,980
Total Attendance: 2208 (73.60%)
Total Ticket Income: $75,340
Other Income: $3,767
Total Income: $79,107

Punishers

5 vs 5 Forward 
   Center                   Left Wing                Right Wing               Time % Phy DF OF 
 1 Zack Hamill              Robbie Earl              David Laliberté          40     1   2  2  
 2 Luke Adam                Tanner Glass             Miikka Salomaki          30     1   2  2  
 3 Casey Cizikas            Colton Gillies           Aaron Palushaj           20     1   2  2  
 4 Boone Jenner             Erik Nystrom             Carter Ashton            10     1   2  2  

5 vs 5 Defense 
   Defense                  Defense                                           Time % Phy DF OF 
 1 Stefan Elliott           Damon Severson                                    40     1   2  2  
 2 Patrick Wiercioch        Jordan Schmaltz                                   30     1   2  2  
 3 Trevor Van Riemsdyk      Dylan DeMelo                                      20     1   2  2  
 4 Stefan Elliott           Damon Severson                                    10     1   2  2  

PowerPlay Forward 
   Center                   Left Wing                Right Wing               Time % Phy DF OF 
 1 Zack Hamill              Robbie Earl              David Laliberté          60     1   2  2  
 2 Luke Adam                Tanner Glass             Miikka Salomaki          40     1   2  2  

PowerPlay Defense
   Defense                  Defense                                           Time % Phy DF OF 
 1 Stefan Elliott           Damon Severson                                    60     1   2  2  
 2 Patrick Wiercioch        Jordan Schmaltz                                   40     1   2  2  

Penalty Kill 4 Players Forward 
   Center                   Wing                     Time % Phy DF OF 
 1 Zack Hamill              Robbie Earl              60     1   2  2  
 2 Tanner Glass             Luke Adam                40     1   2  2  

Penalty Kill 4 Players Defense
   Defense                  Defense                  Time % Phy DF OF 
 1 Stefan Elliott           Damon Severson           60     1   2  2  
 2 Patrick Wiercioch        Jordan Schmaltz          40     1   2  2  

Penalty Kill - 3 Players Forward 
   Forward                                           Time % Phy DF OF 
 1 Zack Hamill                                       60     1   2  2  
 2 Robbie Earl                                       40     1   2  2  

Penalty Kill - 3 Players Defense
   Defense                  Defense                  Time % Phy DF OF 
 1 Stefan Elliott           Damon Severson           60     1   2  2  
 2 Patrick Wiercioch        Jordan Schmaltz          40     1   2  2  

4 vs 4 Forward 
   Center                   Wing                     Time % Phy DF OF 
 1 Zack Hamill              Robbie Earl              60     1   2  2  
 2 Tanner Glass             Luke Adam                40     1   2  2  

4 vs 4 Defense
   Defense                  Defense                  Time % Phy DF OF 
 1 Stefan Elliott           Damon Severson           60     1   2  2  
 2 Patrick Wiercioch        Jordan Schmaltz          40     1   2  2  

Last Minutes Offensive
   Center                   Left Wing                Right Wing               Defense                  Defense                  
   Zack Hamill              Robbie Earl              David Laliberté          Stefan Elliott           Damon Severson           

Last Minutes Defensive
   Center                   Left Wing                Right Wing               Defense                  Defense                  
   Zack Hamill              Robbie Earl              David Laliberté          Stefan Elliott           Damon Severson           

Goaltenders
Starting : Niklas Svedberg          
Backup : Louis Domingue           

Extra Forwards
Normal : Quinton Howden, Oscar Sundqvist, Radek Faksa - PP : Quinton Howden, Oscar Sundqvist - PK : Radek Faksa
Extra Defensemen
Normal : Trevor Van Riemsdyk, Dylan DeMelo, Patrick Wiercioch - PP : Trevor Van Riemsdyk - PK : Dylan DeMelo, Patrick Wiercioch
Penalty Shots
Zack Hamill, Robbie Earl, Tanner Glass, Luke Adam, David Laliberté

Scratches
Adam McQuaid (Left Leg Injury), David Rundblad (Healthy), Nick Schultz (Healthy), Garret Ross (Healthy), Mattias Tedenby (Healthy)

Patriotes

5 vs 5 Forward 
   Center                   Left Wing                Right Wing               Time % Phy DF OF 
 1 Christian Hanson         Matt Calvert             Mark Stone               40     1   2  2  
 2 Zenon Konopka            Justin Florek            Tyler Randell            20     1   2  2  
 3 Phil McRae               Vince Hinostroza         Andrew Gordon            20     1   2  2  
 4 Jared Knight             Austin Watson            Emerson Etem             20     1   2  2  

5 vs 5 Defense 
   Defense                  Defense                                           Time % Phy DF OF 
 1 Ryan Wilson              Timothy Kunes                                     40     1   2  2  
 2 Anthony Bitetto          David Kolomatis                                   30     1   2  2  
 3 Alex Petrovic            Aaron Ness                                        20     1   2  2  
 4 Ryan Wilson              Timothy Kunes                                     10     1   2  2  

PowerPlay Forward 
   Center                   Left Wing                Right Wing               Time % Phy DF OF 
 1 Christian Hanson         Matt Calvert             Andrew Gordon            60     1   2  2  
 2 Zenon Konopka            Justin Florek            Tyler Randell            40     1   2  2  

PowerPlay Defense
   Defense                  Defense                                           Time % Phy DF OF 
 1 Ryan Wilson              Timothy Kunes                                     60     1   2  2  
 2 Anthony Bitetto          David Kolomatis                                   40     1   2  2  

Penalty Kill 4 Players Forward 
   Center                   Wing                     Time % Phy DF OF 
 1 Andrew Gordon            Christian Hanson         60     1   2  2  
 2 Tyler Randell            Matt Calvert             40     1   2  2  

Penalty Kill 4 Players Defense
   Defense                  Defense                  Time % Phy DF OF 
 1 Ryan Wilson              Timothy Kunes            60     1   2  2  
 2 Anthony Bitetto          David Kolomatis          40     1   2  2  

Penalty Kill - 3 Players Forward 
   Forward                                           Time % Phy DF OF 
 1 Andrew Gordon                                     60     1   2  2  
 2 Christian Hanson                                  40     1   2  2  

Penalty Kill - 3 Players Defense
   Defense                  Defense                  Time % Phy DF OF 
 1 Ryan Wilson              Timothy Kunes            60     1   2  2  
 2 Anthony Bitetto          David Kolomatis          40     1   2  2  

4 vs 4 Forward 
   Center                   Wing                     Time % Phy DF OF 
 1 Andrew Gordon            Christian Hanson         60     1   2  2  
 2 Tyler Randell            Matt Calvert             40     1   2  2  

4 vs 4 Defense
   Defense                  Defense                  Time % Phy DF OF 
 1 Ryan Wilson              Timothy Kunes            60     1   2  2  
 2 Anthony Bitetto          David Kolomatis          40     1   2  2  

Last Minutes Offensive
   Center                   Left Wing                Right Wing               Defense                  Defense                  
   Christian Hanson         Matt Calvert             Andrew Gordon            Ryan Wilson              Timothy Kunes            

Last Minutes Defensive
   Center                   Left Wing                Right Wing               Defense                  Defense                  
   Christian Hanson         Matt Calvert             Andrew Gordon            Ryan Wilson              Timothy Kunes            

Goaltenders
Starting : Andrei Vasilevskiy       
Backup : Marek Schwarz            

Extra Forwards
Normal : Mark Stone, Phil McRae, Emerson Etem - PP : Mark Stone, Phil McRae - PK : Emerson Etem
Extra Defensemen
Normal : Alex Petrovic, Aaron Ness, Anthony Bitetto - PP : Alex Petrovic - PK : Aaron Ness, Anthony Bitetto
Penalty Shots
Andrew Gordon, Christian Hanson, Tyler Randell, Matt Calvert, Zenon Konopka

Scratches
Phoenix Copley (Healthy)

% Time on Ice - Punishers

Lines # - Real PCT - Wanted PCT - Time Play
Normal Forward
1 - 35% - 40% - 17:06
2 - 28% - 30% - 13:49
3 - 21% - 20% - 10:26
4 - 15% - 10% - 7:32
Normal Defense
1 - 37% - 40% - 17:53
2 - 31% - 30% - 14:58
3 - 29% - 20% - 14:16
4 - 4% - 10% - 1:46
PP Forward
1 - 55% - 60% - 1:45
2 - 45% - 40% - 1:26
PP Defense
1 - 87% - 60% - 2:47
2 - 13% - 40% - 0:24
PK Forward
1 - 71% - 60% - 5:39
2 - 29% - 40% - 2:17
PK Defense
1 - 70% - 60% - 5:32
2 - 30% - 40% - 2:24
PK3 Forward
1 - 0% - 60%
2 - 0% - 40%
PK3 Defense
1 - 0% - 60%
2 - 0% - 40%
44 Forward
1 - 93% - 60% - 0:37
2 - 8% - 40% - 0:03
44 Defense
1 - 100% - 60% - 0:40
2 - 0% - 40% - 0:00
Last Minute Offensive  - 0:00
Last Minute Defensive  - 0:00
Total
Forward - 60:40
Defense - 60:40

% Time on Ice - Patriotes

Lines # - Real PCT - Wanted PCT - Time Play
Normal Forward
1 - 32% - 40% - 15:48
2 - 26% - 20% - 12:48
3 - 20% - 20% - 9:55
4 - 21% - 20% - 10:22
Normal Defense
1 - 35% - 40% - 17:10
2 - 34% - 30% - 16:30
3 - 28% - 20% - 13:46
4 - 3% - 10% - 1:27
PP Forward
1 - 51% - 60% - 4:05
2 - 49% - 40% - 3:51
PP Defense
1 - 63% - 60% - 4:59
2 - 37% - 40% - 2:57
PK Forward
1 - 85% - 60% - 2:42
2 - 15% - 40% - 0:29
PK Defense
1 - 84% - 60% - 2:40
2 - 16% - 40% - 0:31
PK3 Forward
1 - 0% - 60%
2 - 0% - 40%
PK3 Defense
1 - 0% - 60%
2 - 0% - 40%
44 Forward
1 - 100% - 60% - 0:40
2 - 0% - 40% - 0:00
44 Defense
1 - 85% - 60% - 0:34
2 - 15% - 40% - 0:06
Last Minute Offensive  - 0:00
Last Minute Defensive  - 0:00
Total
Forward - 60:40
Defense - 60:40

Play by Play

1st period


0:01 of 1st period - Christian Hanson wins face-off versus Zack Hamill in neutral zone.
0:04 of 1st period - Wrist shot by Christian Hanson.
0:04 of 1st period - Deflect By Stefan Elliott.
0:04 of 1st period - Stopped by Niklas Svedberg with a rebound.
0:48 of 1st period - Vince Hinostroza is hit by Damon Severson and loses puck.
1:10 of 1st period - Off-side.
1:11 of 1st period - Jared Knight wins face-off versus Zack Hamill in neutral zone.
1:18 of 1st period - Wrist shot by Emerson Etem.
1:18 of 1st period - Stopped by Niklas Svedberg with a rebound.
1:20 of 1st period - Snap shot by Aaron Ness.
1:20 of 1st period - Stopped by Niklas Svedberg with a rebound.
1:22 of 1st period - Wrist shot by Alex Petrovic.
1:22 of 1st period - Stopped by Niklas Svedberg without a rebound.
1:23 of 1st period - Christian Hanson wins face-off versus Boone Jenner in Punishers zone.
1:28 of 1st period - Snap shot by Christian Hanson.
1:28 of 1st period - Shot Misses the Net.
1:34 of 1st period - Wrist shot by Matt Calvert.
1:34 of 1st period - Shot Blocked by Dylan DeMelo.
1:36 of 1st period - Snap shot by Matt Calvert.
1:36 of 1st period - Shot Blocked by Trevor Van Riemsdyk.
1:38 of 1st period - Slapshot by Mark Stone.
1:38 of 1st period - Stopped by Niklas Svedberg without a rebound.
1:39 of 1st period - Luke Adam wins face-off versus Jared Knight in Punishers zone.
1:39 of 1st period - Luke Adam is hit by Aaron Ness.
3:03 of 1st period - Snap shot by Boone Jenner.
3:03 of 1st period - Deflect By Erik Nystrom.
3:03 of 1st period - Shot Misses the Net.
3:03 of 1st period - Puck is out of play.
3:04 of 1st period - Mark Stone wins face-off versus Luke Adam in Patriotes zone.
3:34 of 1st period - Snap shot by Zack Hamill.
3:34 of 1st period - Shot Misses the Net.
3:36 of 1st period - Slapshot by Robbie Earl.
3:36 of 1st period - Shot Misses the Net.
3:38 of 1st period - Slapshot by Stefan Elliott.
3:38 of 1st period - Shot Blocked by David Kolomatis.
3:50 of 1st period - Casey Cizikas is hit by Justin Florek and loses puck.
4:10 of 1st period - Off-side.
4:11 of 1st period - Boone Jenner wins face-off versus Vince Hinostroza in neutral zone.
5:00 of 1st period - Ryan Wilson is hit by Carter Ashton and loses puck.
5:57 of 1st period - Slapshot by Phil McRae.
5:57 of 1st period - Stopped by Niklas Svedberg without a rebound.
5:58 of 1st period - Mark Stone wins face-off versus Zack Hamill in Punishers zone.
6:31 of 1st period - Snap shot by Luke Adam.
6:31 of 1st period - Deflect By Tanner Glass.
6:31 of 1st period - Stopped by Andrei Vasilevskiy without a rebound.
6:32 of 1st period - Luke Adam wins face-off versus Mark Stone in Patriotes zone.
7:02 of 1st period - Snap shot by David Laliberté.
7:02 of 1st period - Shot Blocked by Anthony Bitetto.
7:26 of 1st period - Aaron Palushaj is hit by Tyler Randell and loses puck.
7:43 of 1st period - Wrist shot by Luke Adam.
7:43 of 1st period - Stopped by Andrei Vasilevskiy with a rebound.
7:45 of 1st period - Wrist shot by Tanner Glass.
7:45 of 1st period - Stopped by Andrei Vasilevskiy with a rebound.
8:21 of 1st period - Wrist shot by Justin Florek.
8:21 of 1st period - Shot Misses the Net.
8:23 of 1st period - Wrist shot by Zenon Konopka.
8:23 of 1st period - Goal by Zenon Konopka - Punishers : 0 - Patriotes : 1.
8:24 of 1st period - Christian Hanson wins face-off versus Zack Hamill in neutral zone.
8:27 of 1st period - Snap shot by Christian Hanson.
8:27 of 1st period - Stopped by Niklas Svedberg without a rebound.
8:28 of 1st period - Christian Hanson wins face-off versus David Laliberté in Punishers zone.
8:37 of 1st period - Wrist shot by Matt Calvert.
8:37 of 1st period - Stopped by Niklas Svedberg with a rebound.
8:39 of 1st period - Snap shot by Matt Calvert.
8:39 of 1st period - Shot Misses the Net.
9:15 of 1st period - Colton Gillies is hit by Tyler Randell.
10:59 of 1st period - Timothy Kunes is hit by Dylan DeMelo and loses puck.
11:18 of 1st period - Colton Gillies is hit by Vince Hinostroza and loses puck.
11:55 of 1st period - Off-side.
11:56 of 1st period - Jared Knight wins face-off versus Zack Hamill in neutral zone.
11:59 of 1st period - Wrist shot by Anthony Bitetto.
11:59 of 1st period - Shot Misses the Net.
12:01 of 1st period - Slapshot by Anthony Bitetto.
12:01 of 1st period - Shot Blocked by Damon Severson.
12:03 of 1st period - Slapshot by David Kolomatis.
12:03 of 1st period - Deflect By Robbie Earl.
12:03 of 1st period - Stopped by Niklas Svedberg with a rebound.
12:05 of 1st period - Slapshot by Anthony Bitetto.
12:05 of 1st period - Shot Blocked by Stefan Elliott.
12:07 of 1st period - Backhand shot by Austin Watson.
12:07 of 1st period - Stopped by Niklas Svedberg with a rebound.
12:09 of 1st period - Snap shot by Jared Knight.
12:09 of 1st period - Shot Blocked by David Laliberté.
12:11 of 1st period - Slapshot by Anthony Bitetto.
12:11 of 1st period - Stopped by Niklas Svedberg without a rebound.
12:12 of 1st period - Luke Adam wins face-off versus Mark Stone in Punishers zone.
12:12 of 1st period - Luke Adam is hit by Aaron Ness.
12:38 of 1st period - Tyler Randell is hit by David Laliberté and loses puck.
12:59 of 1st period - Snap shot by Timothy Kunes.
12:59 of 1st period - Shot Blocked by Stefan Elliott.
13:01 of 1st period - Slapshot by David Kolomatis.
13:01 of 1st period - Stopped by Niklas Svedberg without a rebound.
13:02 of 1st period - Christian Hanson wins face-off versus Boone Jenner in Punishers zone.
13:11 of 1st period - Slapshot by Mark Stone.
13:11 of 1st period - Stopped by Niklas Svedberg without a rebound.
13:12 of 1st period - Mark Stone wins face-off versus Zack Hamill in Punishers zone.
13:25 of 1st period - Snap shot by Matt Calvert.
13:25 of 1st period - Shot Blocked by Jordan Schmaltz.
13:41 of 1st period - Wrist shot by Matt Calvert.
13:41 of 1st period - Shot Blocked by Robbie Earl.
13:57 of 1st period - Snap shot by Zack Hamill.
13:57 of 1st period - Stopped by Andrei Vasilevskiy with a rebound.
13:59 of 1st period - Snap shot by Jordan Schmaltz.
13:59 of 1st period - Stopped by Andrei Vasilevskiy with a rebound.
14:01 of 1st period - Snap shot by Zack Hamill.
14:01 of 1st period - Shot Misses the Net.
14:03 of 1st period - Slapshot by Robbie Earl.
14:03 of 1st period - Shot Misses the Net.
14:05 of 1st period - Snap shot by David Laliberté.
14:05 of 1st period - Shot Blocked by Anthony Bitetto.
14:13 of 1st period - Wrist shot by David Laliberté.
14:13 of 1st period - Stopped by Andrei Vasilevskiy without a rebound.
14:14 of 1st period - Jared Knight wins face-off versus Luke Adam in Patriotes zone.
14:25 of 1st period - Snap shot by Tanner Glass.
14:25 of 1st period - Shot Blocked by Ryan Wilson.
14:27 of 1st period - Wrist shot by Tanner Glass.
14:27 of 1st period - Stopped by Andrei Vasilevskiy with a rebound.
14:29 of 1st period - Wrist shot by Tanner Glass.
14:29 of 1st period - Shot Misses the Net.
14:39 of 1st period - Austin Watson is hit by Erik Nystrom and loses puck.
14:50 of 1st period - Snap shot by Emerson Etem.
14:50 of 1st period - Stopped by Niklas Svedberg with a rebound.
14:52 of 1st period - Snap shot by Timothy Kunes.
14:52 of 1st period - Deflect By Emerson Etem.
14:52 of 1st period - Stopped by Niklas Svedberg without a rebound.
14:53 of 1st period - Miikka Salomaki wins face-off versus Zenon Konopka in Punishers zone.
14:53 of 1st period - Miikka Salomaki is hit by Tyler Randell.
15:01 of 1st period - Wrist shot by Luke Adam.
15:01 of 1st period - Stopped by Andrei Vasilevskiy with a rebound.
15:03 of 1st period - Snap shot by Luke Adam.
15:03 of 1st period - Shot Misses the Net.
15:19 of 1st period - Aaron Palushaj is hit by Aaron Ness and loses puck.
15:42 of 1st period - Matt Calvert is hit by David Laliberté and loses puck.
15:51 of 1st period - Wrist shot by Zack Hamill.
15:51 of 1st period - Shot Blocked by Timothy Kunes.
15:53 of 1st period - Minor Penalty to Matt Calvert for Tripping.
15:54 of 1st period - Zack Hamill wins face-off versus Andrew Gordon in Patriotes zone.
15:55 of 1st period - Snap shot by Robbie Earl.
15:55 of 1st period - Stopped by Andrei Vasilevskiy with a rebound.
15:59 of 1st period - Wrist shot by Zack Hamill.
15:59 of 1st period - Deflect By David Laliberté.
15:59 of 1st period - Goal by David Laliberté - Punishers : 1 - Patriotes : 1.
16:00 of 1st period - Miikka Salomaki wins face-off versus Christian Hanson in neutral zone.
16:50 of 1st period - Jordan Schmaltz is hit by David Kolomatis and loses puck.
17:12 of 1st period - Off-side.
17:13 of 1st period - Christian Hanson wins face-off versus Luke Adam in neutral zone.
17:16 of 1st period - Wrist shot by Timothy Kunes.
17:16 of 1st period - Stopped by Niklas Svedberg with a rebound.
17:18 of 1st period - Snap shot by Christian Hanson.
17:18 of 1st period - Goal by Christian Hanson - Punishers : 1 - Patriotes : 2.
17:19 of 1st period - Christian Hanson wins face-off versus Zack Hamill in neutral zone.
17:35 of 1st period - Snap shot by David Laliberté.
17:35 of 1st period - Stopped by Andrei Vasilevskiy without a rebound.
17:36 of 1st period - Zenon Konopka wins face-off versus Luke Adam in Patriotes zone.
18:29 of 1st period - Snap shot by Andrew Gordon.
18:29 of 1st period - Stopped by Niklas Svedberg with a rebound.
18:34 of 1st period - Icing by Casey Cizikas.
18:35 of 1st period - Christian Hanson wins face-off versus Colton Gillies in Punishers zone.
18:36 of 1st period - Snap shot by Matt Calvert.
18:36 of 1st period - Stopped by Niklas Svedberg without a rebound.
18:37 of 1st period - Christian Hanson wins face-off versus Luke Adam in Punishers zone.
18:38 of 1st period - Slapshot by Matt Calvert.
18:38 of 1st period - Shot Blocked by Dylan DeMelo.
19:02 of 1st period - David Laliberté is hit by Aaron Ness.
19:10 of 1st period - Snap shot by Zack Hamill.
19:10 of 1st period - Stopped by Andrei Vasilevskiy with a rebound.
19:12 of 1st period - Wrist shot by David Laliberté.
19:12 of 1st period - Shot Misses the Net.
19:18 of 1st period - Minor Penalty to Aaron Ness for Roughing.
19:19 of 1st period - Zack Hamill wins face-off versus Andrew Gordon in Patriotes zone.
19:20 of 1st period - Wrist shot by David Laliberté.
19:20 of 1st period - Shot Misses the Net.
19:24 of 1st period - Slapshot by Zack Hamill.
19:24 of 1st period - Shot Blocked by Ryan Wilson.
19:26 of 1st period - Snap shot by Robbie Earl.
19:26 of 1st period - Deflect By David Laliberté.
19:26 of 1st period - Stopped by Andrei Vasilevskiy without a rebound.
19:27 of 1st period - Andrew Gordon wins face-off versus Zack Hamill in Patriotes zone.
19:32 of 1st period - Backhand shot by Ryan Wilson.
19:32 of 1st period - Deflect By Andrew Gordon.
19:32 of 1st period - Stopped by Niklas Svedberg without a rebound.
19:33 of 1st period - Robbie Earl wins face-off versus Andrew Gordon in Punishers zone.
Goals for this period are 1 for Punishers vs 2 for Patriotes.
Shots for this period are 13 for Punishers vs 21 for Patriotes.

2nd period


0:01 of 2nd period - Andrew Gordon wins face-off versus Robbie Earl in neutral zone.
0:10 of 2nd period - Wrist shot by Robbie Earl.
0:10 of 2nd period - Deflect By Zack Hamill.
0:10 of 2nd period - Shot Blocked by Timothy Kunes.
0:10 of 2nd period - Puck is out of play.
0:11 of 2nd period - Andrew Gordon wins face-off versus Zack Hamill in Patriotes zone.
0:37 of 2nd period - Andrew Gordon is hit by Miikka Salomaki and loses puck.
0:46 of 2nd period - Slapshot by Stefan Elliott.
0:46 of 2nd period - Shot Misses the Net.
0:48 of 2nd period - Snap shot by Luke Adam.
0:48 of 2nd period - Shot Misses the Net.
1:13 of 2nd period - Off-side.
1:14 of 2nd period - Luke Adam wins face-off versus Tyler Randell in neutral zone.
1:18 of 2nd period - Penalty to Aaron Ness is over, Aaron Ness is back on ice.
1:39 of 2nd period - Patrick Wiercioch is hit by Anthony Bitetto and loses puck.
2:01 of 2nd period - Robbie Earl is hit by Justin Florek and loses puck.
2:20 of 2nd period - Snap shot by Boone Jenner.
2:20 of 2nd period - Stopped by Andrei Vasilevskiy with a rebound.
2:22 of 2nd period - Slapshot by Patrick Wiercioch.
2:22 of 2nd period - Deflect By Matt Calvert.
2:22 of 2nd period - Stopped by Andrei Vasilevskiy with a rebound.
2:38 of 2nd period - Snap shot by Andrew Gordon.
2:38 of 2nd period - Shot Misses the Net.
2:52 of 2nd period - Jared Knight is hit by Damon Severson and loses puck.
2:57 of 2nd period - Snap shot by Aaron Palushaj.
2:57 of 2nd period - Shot Misses the Net.
3:22 of 2nd period - Icing by Zenon Konopka.
3:23 of 2nd period - Zenon Konopka wins face-off versus Luke Adam in Patriotes zone.
3:30 of 2nd period - Wrist shot by Tyler Randell.
3:30 of 2nd period - Shot Hit the Post.
4:36 of 2nd period - Snap shot by Emerson Etem.
4:36 of 2nd period - Stopped by Niklas Svedberg with a rebound.
4:38 of 2nd period - Wrist shot by Jared Knight.
4:38 of 2nd period - Deflect By Austin Watson.
4:38 of 2nd period - Shot Misses the Net.
4:38 of 2nd period - Puck is out of play.
4:39 of 2nd period - Zack Hamill wins face-off versus Christian Hanson in Punishers zone.
4:39 of 2nd period - Zack Hamill is hit by Mark Stone.
6:32 of 2nd period - Miikka Salomaki is hit by Alex Petrovic and loses puck.
6:49 of 2nd period - Snap shot by Aaron Palushaj.
6:49 of 2nd period - Deflect By David Kolomatis.
6:49 of 2nd period - Stopped by Andrei Vasilevskiy with a rebound.
6:51 of 2nd period - Snap shot by Casey Cizikas.
6:51 of 2nd period - Stopped by Andrei Vasilevskiy with a rebound.
6:53 of 2nd period - Slapshot by Patrick Wiercioch.
6:53 of 2nd period - Stopped by Andrei Vasilevskiy without a rebound.
6:54 of 2nd period - Mark Stone wins face-off versus Zack Hamill in Patriotes zone.
6:59 of 2nd period - Wrist shot by Matt Calvert.
6:59 of 2nd period - Deflect By Mark Stone.
6:59 of 2nd period - Shot Blocked by Dylan DeMelo.
6:59 of 2nd period - Puck is out of play.
7:00 of 2nd period - Christian Hanson wins face-off versus Zack Hamill in Punishers zone.
7:45 of 2nd period - Slapshot by Ryan Wilson.
7:45 of 2nd period - Shot Blocked by Damon Severson.
7:47 of 2nd period - Snap shot by Timothy Kunes.
7:47 of 2nd period - Shot Blocked by Casey Cizikas.
7:49 of 2nd period - Snap shot by Zenon Konopka.
7:49 of 2nd period - Stopped by Niklas Svedberg with a rebound.
7:51 of 2nd period - Snap shot by Zenon Konopka.
7:51 of 2nd period - Stopped by Niklas Svedberg without a rebound.
7:52 of 2nd period - Christian Hanson wins face-off versus David Laliberté in Punishers zone.
7:55 of 2nd period - Backhand shot by Mark Stone.
7:55 of 2nd period - Shot Blocked by Stefan Elliott.
7:57 of 2nd period - Slapshot by Anthony Bitetto.
7:57 of 2nd period - Deflect By Matt Calvert.
7:57 of 2nd period - Stopped by Niklas Svedberg without a rebound.
7:58 of 2nd period - Zack Hamill wins face-off versus Mark Stone in Punishers zone.
8:05 of 2nd period - Christian Hanson is hit by Zack Hamill.
9:13 of 2nd period - Wrist shot by Jared Knight.
9:13 of 2nd period - Stopped by Niklas Svedberg with a rebound.
9:15 of 2nd period - Slapshot by Anthony Bitetto.
9:15 of 2nd period - Stopped by Niklas Svedberg with a rebound.
9:17 of 2nd period - Snap shot by Austin Watson.
9:17 of 2nd period - Shot Misses the Net.
9:19 of 2nd period - Snap shot by Emerson Etem.
9:19 of 2nd period - Stopped by Niklas Svedberg with a rebound.
10:31 of 2nd period - Minor Penalty to Patrick Wiercioch for Hooking.
10:32 of 2nd period - Christian Hanson wins face-off versus Zack Hamill in Punishers zone.
12:31 of 2nd period - Penalty to Patrick Wiercioch is over, Patrick Wiercioch is back on ice.
12:35 of 2nd period - Slapshot by Alex Petrovic.
12:35 of 2nd period - Deflect By Tanner Glass.
12:35 of 2nd period - Stopped by Niklas Svedberg without a rebound.
12:36 of 2nd period - Jared Knight wins face-off versus Colton Gillies in Punishers zone.
12:55 of 2nd period - Icing by Emerson Etem.
12:56 of 2nd period - Jared Knight wins face-off versus David Laliberté in Patriotes zone.
13:15 of 2nd period - Icing by David Kolomatis.
13:16 of 2nd period - Luke Adam wins face-off versus Jared Knight in Patriotes zone.
13:17 of 2nd period - Snap shot by Tanner Glass.
13:17 of 2nd period - Shot Misses the Net.
13:25 of 2nd period - Slapshot by David Kolomatis.
13:25 of 2nd period - Stopped by Niklas Svedberg without a rebound.
13:26 of 2nd period - Luke Adam wins face-off versus Christian Hanson in Punishers zone.
14:19 of 2nd period - Snap shot by Zenon Konopka.
14:19 of 2nd period - Stopped by Niklas Svedberg with a rebound.
14:21 of 2nd period - Slapshot by David Kolomatis.
14:21 of 2nd period - Shot Blocked by David Laliberté.
14:30 of 2nd period - Icing by Zack Hamill.
14:31 of 2nd period - Jared Knight wins face-off versus Casey Cizikas in Punishers zone.
14:32 of 2nd period - Wrist shot by Emerson Etem.
14:32 of 2nd period - Stopped by Niklas Svedberg without a rebound.
14:33 of 2nd period - Casey Cizikas wins face-off versus Jared Knight in Punishers zone.
14:33 of 2nd period - Casey Cizikas is hit by Aaron Ness.
14:41 of 2nd period - Snap shot by Aaron Palushaj.
14:41 of 2nd period - Stopped by Andrei Vasilevskiy without a rebound.
14:42 of 2nd period - Zack Hamill wins face-off versus Christian Hanson in Patriotes zone.
16:56 of 2nd period - Minor Penalty to Damon Severson for Hooking.
16:57 of 2nd period - Christian Hanson wins face-off versus Zack Hamill in Punishers zone.
18:52 of 2nd period - Icing by David Kolomatis.
18:53 of 2nd period - Casey Cizikas wins face-off versus Christian Hanson in Patriotes zone.
18:56 of 2nd period - Penalty to Damon Severson is over, Damon Severson is back on ice.
19:16 of 2nd period - Snap shot by Colton Gillies.
19:16 of 2nd period - Stopped by Andrei Vasilevskiy with a rebound.
19:18 of 2nd period - Snap shot by Casey Cizikas.
19:18 of 2nd period - Deflect By Aaron Palushaj.
19:18 of 2nd period - Stopped by Andrei Vasilevskiy without a rebound.
19:19 of 2nd period - Zenon Konopka wins face-off versus Zack Hamill in Patriotes zone.
19:44 of 2nd period - Miikka Salomaki is hit by Timothy Kunes and loses puck.
Goals for this period are 0 for Punishers vs 0 for Patriotes.
Shots for this period are 8 for Punishers vs 11 for Patriotes.

3rd period


0:01 of 3rd period - Mark Stone wins face-off versus Zack Hamill in neutral zone.
0:14 of 3rd period - Snap shot by Stefan Elliott.
0:14 of 3rd period - Stopped by Andrei Vasilevskiy without a rebound.
0:15 of 3rd period - Luke Adam wins face-off versus Christian Hanson in Patriotes zone.
0:29 of 3rd period - Minor Penalty to Stefan Elliott for High sticking.
0:30 of 3rd period - Zack Hamill wins face-off versus Andrew Gordon in Punishers zone.
0:30 of 3rd period - Zack Hamill is hit by Ryan Wilson.
2:02 of 3rd period - Damon Severson is hit by Ryan Wilson and loses puck.
2:29 of 3rd period - Penalty to Stefan Elliott is over, Stefan Elliott is back on ice.
2:39 of 3rd period - Snap shot by Zack Hamill.
2:39 of 3rd period - Shot Blocked by Austin Watson.
2:59 of 3rd period - Snap shot by Patrick Wiercioch.
2:59 of 3rd period - Shot Misses the Net.
4:37 of 3rd period - Andrew Gordon is hit by David Laliberté and loses puck.
4:58 of 3rd period - Erik Nystrom is hit by Emerson Etem and loses puck.
5:09 of 3rd period - Dylan DeMelo is hit by Zenon Konopka and loses puck.
5:14 of 3rd period - Wrist shot by Ryan Wilson.
5:14 of 3rd period - Deflect By Tyler Randell.
5:14 of 3rd period - Shot Misses the Net.
5:14 of 3rd period - Puck is out of play.
5:15 of 3rd period - Zack Hamill wins face-off versus Christian Hanson in Punishers zone.
5:24 of 3rd period - Snap shot by David Laliberté.
5:24 of 3rd period - Stopped by Andrei Vasilevskiy with a rebound.
5:26 of 3rd period - Wrist shot by Patrick Wiercioch.
5:26 of 3rd period - Deflect By Matt Calvert.
5:26 of 3rd period - Stopped by Andrei Vasilevskiy with a rebound.
5:28 of 3rd period - Slapshot by Robbie Earl.
5:28 of 3rd period - Stopped by Andrei Vasilevskiy with a rebound.
5:37 of 3rd period - Icing by Timothy Kunes.
5:38 of 3rd period - Justin Florek wins face-off versus Luke Adam in Patriotes zone.
6:04 of 3rd period - Icing by Stefan Elliott.
6:05 of 3rd period - Phil McRae wins face-off versus Luke Adam in Punishers zone.
6:06 of 3rd period - Snap shot by Andrew Gordon.
6:06 of 3rd period - Stopped by Niklas Svedberg without a rebound.
6:07 of 3rd period - Zack Hamill wins face-off versus Phil McRae in Punishers zone.
6:15 of 3rd period - Wrist shot by Phil McRae.
6:15 of 3rd period - Stopped by Niklas Svedberg with a rebound.
6:17 of 3rd period - Snap shot by Anthony Bitetto.
6:17 of 3rd period - Shot Blocked by Damon Severson.
6:19 of 3rd period - Slapshot by David Kolomatis.
6:19 of 3rd period - Shot Blocked by Robbie Earl.
6:21 of 3rd period - Wrist shot by Vince Hinostroza.
6:21 of 3rd period - Shot Misses the Net.
6:23 of 3rd period - Slapshot by David Kolomatis.
6:23 of 3rd period - Shot Misses the Net.
6:33 of 3rd period - Stefan Elliott is hit by Justin Florek and loses puck.
6:58 of 3rd period - Wrist shot by Robbie Earl.
6:58 of 3rd period - Stopped by Andrei Vasilevskiy without a rebound.
6:59 of 3rd period - Christian Hanson wins face-off versus Luke Adam in Patriotes zone.
7:31 of 3rd period - Snap shot by Casey Cizikas.
7:31 of 3rd period - Shot Misses the Net.
7:33 of 3rd period - Snap shot by Colton Gillies.
7:33 of 3rd period - Shot Blocked by Phil McRae.
8:00 of 3rd period - Icing by Erik Nystrom.
8:01 of 3rd period - Boone Jenner wins face-off versus Jared Knight in Punishers zone.
8:12 of 3rd period - Snap shot by Zack Hamill.
8:12 of 3rd period - Shot Blocked by Alex Petrovic.
8:54 of 3rd period - Tyler Randell is hit by Aaron Palushaj and loses puck.
9:08 of 3rd period - Off-side.
9:09 of 3rd period - Boone Jenner wins face-off versus Phil McRae in neutral zone.
9:22 of 3rd period - Damon Severson is hit by Timothy Kunes and loses puck.
9:31 of 3rd period - Phil McRae is hit by Damon Severson and loses puck.
9:43 of 3rd period - Slapshot by Ryan Wilson.
9:43 of 3rd period - Shot Blocked by Stefan Elliott.
9:47 of 3rd period - Wrist shot by Andrew Gordon.
9:47 of 3rd period - Stopped by Niklas Svedberg without a rebound.
9:48 of 3rd period - Christian Hanson wins face-off versus Zack Hamill in Punishers zone.
9:49 of 3rd period - Snap shot by Matt Calvert.
9:49 of 3rd period - Shot Misses the Net.
9:51 of 3rd period - Slapshot by Anthony Bitetto.
9:51 of 3rd period - Deflect By Zack Hamill.
9:51 of 3rd period - Stopped by Niklas Svedberg with a rebound.
10:28 of 3rd period - Minor Penalty to Justin Florek for Hooking.
10:29 of 3rd period - Andrew Gordon wins face-off versus Zack Hamill in Patriotes zone.
10:34 of 3rd period - Stefan Elliott is hit by Christian Hanson and loses puck.
11:32 of 3rd period - Snap shot by Miikka Salomaki.
11:32 of 3rd period - Shot Misses the Net.
11:34 of 3rd period - Wrist shot by Tanner Glass.
11:34 of 3rd period - Goal by Tanner Glass - Punishers : 2 - Patriotes : 2.
11:35 of 3rd period - Zack Hamill wins face-off versus Phil McRae in neutral zone.
11:38 of 3rd period - Andrew Gordon is hit by Robbie Earl and loses puck.
12:01 of 3rd period - Patrick Wiercioch is hit by Zenon Konopka and loses puck.
13:04 of 3rd period - Minor Penalty to Stefan Elliott for High sticking.
13:05 of 3rd period - Christian Hanson wins face-off versus Zack Hamill in Punishers zone.
13:30 of 3rd period - Robbie Earl is hit by Zenon Konopka and loses puck.
13:50 of 3rd period - Jordan Schmaltz is hit by Justin Florek and loses puck.
14:11 of 3rd period - Wrist shot by Tyler Randell.
14:11 of 3rd period - Stopped by Niklas Svedberg with a rebound.
14:13 of 3rd period - Slapshot by Ryan Wilson.
14:13 of 3rd period - Shot Blocked by Jordan Schmaltz.
14:15 of 3rd period - Slapshot by Ryan Wilson.
14:15 of 3rd period - Shot Misses the Net.
14:17 of 3rd period - Wrist shot by Justin Florek.
14:17 of 3rd period - Stopped by Niklas Svedberg with a rebound.
14:21 of 3rd period - Snap shot by Ryan Wilson.
14:21 of 3rd period - Shot Misses the Net.
14:29 of 3rd period - Slapshot by Ryan Wilson.
14:29 of 3rd period - Deflect By Luke Adam.
14:29 of 3rd period - Stopped by Niklas Svedberg without a rebound.
14:30 of 3rd period - Zack Hamill wins face-off versus Christian Hanson in Punishers zone.
15:04 of 3rd period - Penalty to Stefan Elliott is over, Stefan Elliott is back on ice.
15:05 of 3rd period - Damon Severson is hit by Andrew Gordon and loses puck.
15:20 of 3rd period - Wrist shot by Casey Cizikas.
15:20 of 3rd period - Stopped by Andrei Vasilevskiy with a rebound.
15:52 of 3rd period - Dylan DeMelo is hit by Emerson Etem and loses puck.
16:15 of 3rd period - Alex Petrovic is hit by Damon Severson and loses puck.
16:54 of 3rd period - Wrist shot by Tanner Glass.
16:54 of 3rd period - Stopped by Andrei Vasilevskiy with a rebound.
19:11 of 3rd period - Matt Calvert is hit by Zack Hamill and loses puck.
Goals for this period are 1 for Punishers vs 0 for Patriotes.
Shots for this period are 8 for Punishers vs 7 for Patriotes.

Overtime #1


0:01 of 1st overtime period - Andrew Gordon wins face-off versus Zack Hamill in neutral zone.
0:16 of 1st overtime period - Wrist shot by Zack Hamill.
0:16 of 1st overtime period - Shot Misses the Net.
0:40 of 1st overtime period - Snap shot by Tanner Glass.
0:40 of 1st overtime period - Goal by Tanner Glass - Punishers : 3 - Patriotes : 2.
Goals for this period are 1 for Punishers vs 0 for Patriotes.
Shots for this period are 1 for Punishers vs 0 for Patriotes.